 Dungeon Crawl Stone Soup version 0.23.0-3-gf3c87f2df8 (webtiles) character file.

Game seed: 8384403355446816758

34 Kisielow the Digger (level 3, -1/19 HPs)
             Began as a Gargoyle Earth Elementalist on Feb 23, 2019.
             Slain by a giant cockroach (2 damage)
             ... on level 3 of the Dungeon.
             The game lasted 00:03:57 (1381 turns).

Kisielow the Digger (Gargoyle Earth Elementalist)   Turns: 1381, Time: 00:03:58

Health: -1/19      AC:  5    Str: 11    XL:     3   Next: 31%
Magic:  1/7        EV: 12    Int: 16    God:
Gold:   89         SH:  0    Dex: 10    Spells: 2/8 levels left

rFire    . . .     SeeInvis .   b - 41 stones
rCold    . . .     Gourm    .   (no shield)
rNeg     + . .     Faith    .   c - +0 robe
rPois    ∞         Spirit   .   (no helmet)
rElec    +         Reflect  .   (no cloak)
rCorr    .         Harm     .   (no gloves)
MR       .....                  (no boots)
Stlth    ++........             (no amulet)
HPRegen  0.06/turn              (no ring)
MPRegen  0.10/turn              (no ring)

@: very slightly contaminated
A: negative energy resistance 1, electricity resistance, unbreathing,
petrification resistance, rot immunity, AC +3
a: no special abilities


You were on level 3 of the Dungeon.
You were not hungry.

You visited 1 branch of the dungeon, and saw 3 of its levels.

You collected 89 gold pieces.

Inventory:

Missiles
 b - 41 stones (in hand)
Armour
 c - a +0 robe (worn)
Jewellery
 r - a cursed ring of attention {unknown}
Scrolls
 a - 2 scrolls of immolation {unknown}
 f - a scroll of enchant armour {unknown}
 h - 2 scrolls of fear {unknown}
 i - a scroll of amnesia {unknown}
 m - a scroll of fog {unknown}
 n - a scroll of noise {unknown}
 o - a scroll of identify {unknown}
Potions
 e - 2 potions of might {unknown}
 g - a potion of magic {unknown}
 j - a potion of lignification {unknown}
 k - a potion of flight {unknown}
 l - a potion of mutation {unknown}
 p - a potion of agility {unknown}
 q - a potion of brilliance {unknown}
Comestibles
 d - 3 rations


   Skills:
 - Level 1.5 Dodging
 - Level 2.1 Stealth
 * Level 3.0 Spellcasting
 - Level 0.7 Transmutations
 + Level 4.2 Earth Magic


You had 2 spell levels left.
You knew the following spells:

 Your Spells              Type           Power        Failure   Level  Hunger
a - Passwall              Tmut/Erth      ##......     11%         2    ##.....
q - Sandblast             Erth           ###...       3%          1    #......
w - Stone Arrow           Conj/Erth      #.....       24%         3    ###....

Your spell library contained the following spells:

 Spells                   Type           Power        Failure   Level  Hunger
 Petrify                  Tmut/Erth      ##......     56%         4    #####..
 Lee's Rapid Deconstruct  Erth           ###.......   67%         5    ######.


Dungeon Overview and Level Annotations

Branches:
Dungeon (3/15)

Altars:


Innate Abilities, Weirdness & Mutations

You are resistant to torment.
Your stone body is resilient. (AC +3)
You are immune to poison.
You resist negative energy. (rN+)
You are resistant to electric shocks. (rElec)
You can survive without breathing.
You are immune to petrification.
You are immune to rotting.


Message History

You are very lightly contaminated with residual magic.
You feel a strange surge of energy!
The giant cockroach bites you but does no damage.
A jackal comes into view.
Casting: Stone Arrow (safe; 24% risk of failure)
Confirm with . or Enter, or press ? or * to list all spells.
Aiming: Stone Arrow (safe; 24% risk of failure)
Press: ? - help, Shift-Dir - straight line, f/p - orc priest
Aim: an orc priest, wielding a +0 hand axe You miscast Stone Arrow.
A wave of violent energy washes through your body!
* * * LOW HITPOINT WARNING * * *
The jackal barks!
The giant cockroach closely misses you.
Casting: Stone Arrow (safe; 24% risk of failure)
Confirm with . or Enter, or press ? or * to list all spells.
You don't have enough magic to cast that spell.
Unknown command.
The giant cockroach bites you.
You die...

....##.# #... ....##.#
#.. .# ....##.# #.. ..#
...###.# #.. ...#
...###.# #.# #...#
.......# ####.# #h....
##.##### ##.##.# #.$....
##.########...#.##.......
................@so......
#.########......##o<.....
#.# #.#.#### #.o.... #.#
#.### #o.... #.# #..
#.... #.# #.# #... #.#
#.# ... #.# #.# .. ..#
#..


You could see an orc priest, an orc wizard, 2 orcs, a jackal and a giant
cockroach.

Vanquished Creatures
  3 dart slugs
  3 leopard geckos (D:2)
  A goblin (D:1)
  2 hobgoblins
  6 jackals (D:1)
  A kobold (D:1)
  A ball python (D:3)
  2 bats (D:1)
  5 rats
24 creatures vanquished.

Notes
Turn   | Place    | Note
-------+----------+-------------------------------------------
     0 | D:1      | Kisielow the Gargoyle Earth Elementalist began the quest
                  | for the Orb.
     0 | D:1      | Reached XP level 1. HP: 10/10 MP: 3/3
   228 | D:1      | Reached XP level 2. HP: 11/15 MP: 1/5
   297 | D:1      | Learned a level 2 spell: Passwall
   423 | D:1      | Reached skill level 4 in Earth Magic
   670 | D:2      | Reached XP level 3. HP: 19/19 MP: 2/7
   732 | D:2      | Learned a level 3 spell: Stone Arrow
  1381 | D:3      | Slain by a giant cockroach

Skill      XL: |  1  2  3 |
---------------+----------+-----
Earth Magic    | 4 |  4.2
Spellcasting   | 3 |  3.0
Dodging        | |  1.5
Stealth        | |  2.1
Transmutations | |  0.7

Action                   || total
-------------------------++-------
 Cast: Sandblast         ||    34
       Stone Arrow       ||     5
  Eat: Chunk             ||     2
Armor: Robe              ||     8
Dodge: Dodged            ||    22
